AoeStats
← LordValor

Nomad

509151497Analyzed
4v4 RM · 6d ago on Sep 25, 2026· 49m 53s· 8 players
Game mode
Random Map
Map size
231×231
Population
200
Speed
Normal
Resources
Standard
Victory
Conquest
Starting age
Dark Age
Ending age
Imperial Age
RankedLock teamsTeams togetherTeam positionsShared explorationLock speedFull tech treeHidden civsTurbo modeCheats
Victory
Defeat
🇫🇷 Teutons · France
950
+14
🇩🇪 Franks · Germany
947
+14
🇻🇳 Spanish · Vietnam
940
+15
🇩🇪 Japanese · Germany
921
+16
🇪🇸 Chinese · Spain
991
-18
🇷🇴 Mongols · Romania
900
-14
🇨🇦 Britons · Canada
884
-36
🇺🇸 Spanish · United States
880
-13
Hoodie Melo
9:45 Loom
12:58 Feudal Age
14:21 Double-Bit Axe
19:28 Castle Age
18:31 Fletching
20:49 Bodkin Arrow
22:52 Scale Mail Armor
23:59 Arson
25:48 Fishing Lines
26:40 Gillnets
28:11 Wheelbarrow
27:21 Town Watch
28:35 Bow Saw
29:05 Forging
31:54 Hand Cart
31:43 Gold Mining
32:57 Town Watch
34:37 Gold Shaft Mining
34:59 Chain Mail Armor
35:19 Iron Casting
42:14 Imperial Age
41:10 Elite Skirmisher
41:55 Padded Archer Armor
44:13 Conscription
45:54 Chemistry
46:41 Ballistics
46:55 Leather Archer Armor
47:05 Elite Throwing Axeman
48:30 Plate Mail Armor
50:08 Blast Furnace
Rislo69
15:27 Feudal Age
15:55 Horse Collar
24:15 Castle Age
22:59 Stone Mining
22:58 Double-Bit Axe
29:06 Bloodlines
36:01 Imperial Age
33:21 Town Watch
35:05 Wheelbarrow
34:19 Loom
37:44 Forging
37:40 Scale Barding Armor
38:16 Hand Cart
38:53 Conscription
38:46 Cavalier
40:54 Iron Casting
40:20 Scale Mail Armor
40:41 Chain Barding Armor
40:22 Padded Archer Armor
43:01 Elite Teutonic Knight
46:33 Blast Furnace
46:09 Plate Barding Armor
45:50 Chain Mail Armor
46:15 Caravan
48:19 Paladin
LordValor
8:07 Loom
18:12 Feudal Age
19:24 Fishing Lines
25:53 Castle Age
24:07 Gold Mining
24:08 Stone Mining
27:00 Gillnets
27:41 Double-Bit Axe
29:22 Bow Saw
35:07 Wheelbarrow
34:18 Town Watch
34:43 Arson
34:58 Squires
35:13 Forging
35:03 Scale Mail Armor
38:35 Imperial Age
37:29 Iron Casting
37:28 Fortified Wall
37:39 Ballistics
36:59 Treadmill Crane
37:30 Masonry
39:13 Hand Cart
38:59 Town Patrol
40:48 Blast Furnace
40:06 Chain Mail Armor
40:23 Elite Samurai
41:41 Hoardings
42:47 Kataparuto
46:45 Chemistry
david
15:52 Feudal Age
23:36 Castle Age
21:42 Horse Collar
21:53 Double-Bit Axe
22:24 Stone Mining
26:35 Bow Saw
27:18 Horse Collar
32:18 Gold Mining
32:53 Padded Archer Armor
35:04 Husbandry
35:15 Bloodlines
41:35 Imperial Age
40:16 Heavy Plow
41:26 Wheelbarrow
40:37 Loom
41:12 Scale Barding Armor
41:18 Forging
42:49 Leather Archer Armor
44:50 Ring Archer Armor
44:11 Fletching
43:54 Elite Skirmisher
44:40 Thumb Ring
45:50 Conscription
46:50 Chemistry
46:05 Masonry
45:50 Murder Holes
48:09 Squires
49:18 Elite Conquistador
Grande_Lakeu
14:19 Feudal Age
21:41 Castle Age
19:51 Horse Collar
20:00 Double-Bit Axe
19:58 Fishing Lines
20:11 Stone Mining
20:40 Fletching
21:25 Padded Archer Armor
22:41 Bow Saw
22:43 Gold Mining
24:08 Gillnets
27:40 Wheelbarrow
29:17 Hand Cart
31:27 Bodkin Arrow
31:48 Leather Archer Armor
33:47 Scale Mail Armor
33:58 Forging
33:19 Pikeman
34:01 Squires
34:05 Town Watch
34:07 Loom
36:03 Yeomen
35:07 Man-at-Arms
35:35 Gambesons
36:08 Chain Mail Armor
36:28 Iron Casting
36:21 Long Swordsman
40:14 Horse Collar
Jama
5:30 Loom
13:32 Feudal Age
17:01 Double-Bit Axe
18:51 Fishing Lines
24:53 Castle Age
24:31 Forging
24:13 Fletching
24:24 Padded Archer Armor
25:23 Elite Skirmisher
26:57 Bow Saw
28:49 Gillnets
31:56 Stone Mining
34:31 Gold Mining
35:39 Bodkin Arrow
35:59 Leather Archer Armor
36:04 Thumb Ring
36:31 Murder Holes
37:46 Wheelbarrow
36:57 Town Watch
45:53 Imperial Age
43:43 Hand Cart
43:41 Pikeman
44:22 Squires
46:18 Forging
46:08 Scale Mail Armor
46:38 Bracer
46:39 Scale Mail Armor
47:43 Parthian Tactics
46:40 Heavy Cavalry Archer
LeonMastin
5:53 Loom
16:53 Feudal Age
24:34 Fletching
25:07 Forging
29:35 Castle Age
35:50 Wheelbarrow
35:02 Town Watch
35:06 Double-Bit Axe
36:20 Gold Mining
40:45 Imperial Age
38:51 Wheelbarrow
alejonone17
16:42 Feudal Age
17:34 Double-Bit Axe
17:31 Horse Collar
24:07 Castle Age
24:16 Forging
24:19 Bloodlines
25:41 Wheelbarrow
26:46 Stone Mining
27:01 Heavy Plow
27:12 Bow Saw
26:42 Light Cavalry
28:32 Iron Casting
30:00 Husbandry
32:11 Hand Cart
38:57 Ballistics
39:07 Scale Barding Armor
38:57 Fletching
39:09 Padded Archer Armor
38:31 Elite Skirmisher
40:30 Town Watch
42:15 Chain Barding Armor
42:05 Loom
46:22 Imperial Age
44:00 Bodkin Arrow
44:21 Leather Archer Armor
48:19 Chemistry
48:25 Blast Furnace
48:01 Plate Barding Armor
47:10 Elite Conquistador
49:26 Cavalier
50:15 Thumb Ring
Connection lost

Rejoining the realm…

Still unreachable

The connection could not be restored.

Session expired

The server has moved on; the page needs a fresh start.